 Dungeon Crawl Stone Soup version 0.31-a0-803-g95b03c3367 (webtiles) character file.

Game seed: 10540011037715645181

137282 MackTheKnife the Bludgeoner (level 18, -3/121 (133) HPs)
             Began as a Meteoran Wanderer on Sept 21, 2023.
             Was a High Priest of Okawaru.
             Slain by a pharaoh ant (4 damage)
             ... on level 1 of the Spider Nest.
             The game lasted 00:51:43 (14729 turns).

MackTheKnife the Bludgeoner (Meteoran Wanderer)    Turns: 14729, Time: 00:51:44

HP:   -3/121 (133)  AC: 20    Str: 16    XL:     18   Next: 9%
MP:   22/22         EV: 28    Int:  9    God:    Okawaru [*****.]
Gold: 508           SH:  5    Dex: 24    Spells: 18/19 levels left

rFire   + . .        R - +6 great mace of the Valley of Death {spect, rC+ Will+ Dex-2, mace}
rCold   + + .        (shield currently unavailable)
rNeg    . . .        V - +1 swamp dragon scales
rPois   +            a - +1 helmet of the Orcish Mines {rF+ Dex+2}
rElec   .            Q - +2 cloak {Stlth+}
rCorr   +            g - +2 pair of gloves
SInv    .            O - +1 pair of boots "Yverchami" {Contam rC+ rCorr Slay+2}
Will    ++++.        f - amulet of reflection
Stlth   +            n - +5 ring of evasion
HPRegen 0.40/turn    x - ring of willpower
MPRegen 0.18/turn

%: reflection
@: glowing, drained
A: sense surroundings 3, otherworldly, glowing, explore regen, dopey 1, wild
magic 1, MP-powered wands
}: 1/15 runes: decaying
a: Renounce Religion, Heroism, Finesse, Duel


You were on level 1 of the Spider Nest.
You worshipped Okawaru.
Okawaru was extremely pleased with you.
You visited 5 branches of the dungeon, and saw 26 of its levels.
You also visited: Gauntlet.

You collected 1416 gold pieces.
You spent 908 gold pieces at shops.


Innate Abilities, Weirdness & Mutations

You passively map a large area around you.
You are easily found by Zot.
You glow in the dark.
You regain HP and MP as you explore.
You are dopey. (Int -2)
Your spells are a little harder to cast, but a little more powerful.
You expend magic power (3 MP) to strengthen your wands.


   Skills:
 - Level 16.0 Fighting
 - Level 10.0(10.4) Short Blades
 - Level 5.4(8.9) Long Blades
 + Level 17.5 Maces & Flails
 - Level 11.5 Throwing
 - Level 5.0 Armour
 - Level 15.0 Dodging
 - Level 7.8 Shields
 - Level 1.3 Spellcasting
 - Level 2.4 Translocations
 - Level 5.0 Invocations
 - Level 10.0 Evocations


You had 18 spell levels left.
You knew the following spells:

 Your Spells              Type           Power      Damage    Failure   Level
a - Apportation           Tloc           12%        N/A       32%         1

Your spell library contained the following spells:

 Spells                   Type           Power      Damage    Failure   Level
 Shock                    Conj/Air       0%         1d3       63%         1
 Gell's Gravitas          Tloc           6%         N/A       65%         3
 Jinxbite                 Hex            0%         N/A       75%         2
 Scorch                   Fire           0%         2d5       75%         2
 Sigil of Binding         Hex            0%         N/A       92%         3
 Swiftness                Air            0%         N/A       92%         3
 Passage of Golubria      Tloc           6%         N/A       96%         4
 Dimensional Bullseye     Hex/Tloc       1%         N/A       99%         4
 Airstrike                Air            0%         2d(0-16)  100%        4
 Flame Wave               Conj/Fire      0%         2d4       100%        4
 Leda's Liquefaction      Hex/Erth       0%         N/A       100%        4
 Alistair's Intoxication  Tmut/Pois      0%         N/A       100%        5
 Summon Small Mammal      Summ           Unusable   N/A       N/A         1
 Call Canine Familiar     Summ           Unusable   N/A       N/A         3
 Summon Guardian Golem    Hex/Summ       Unusable   N/A       N/A         3
 Summon Cactus Giant      Summ           Unusable   N/A       N/A         6

Inventory:

Hand Weapons
 R - the +6 great mace of the Valley of Death (weapon) {spect, rC+ Will+ Dex-2, mace}
   (You bought it in a shop on level 2 of the Orcish Mines)

   Dex-2:     It affects your dexterity (-2).
   rC+:       It protects you from cold.
   Will+:     It increases your willpower.
Missiles
 u - 10 javelins (quivered) {throwing}
 I - 8 silver javelins {throwing}
Armour
 a - the +1 helmet of the Orcish Mines (worn) {rF+ Dex+2}
   (You found it on level 3 of the Dungeon)

   Dex+2:     It affects your dexterity (+2).
   rF+:       It protects you from fire.
 g - a +2 pair of gloves (worn)
   (You found it on level 1 of the Dungeon)
 B - the +0 cloak of Eplear {+Blink}
   (You found it on level 8 of the Dungeon)

   +Blink:    It lets you blink.
 O - the +1 pair of boots "Yverchami" (worn) {Contam rC+ rCorr Slay+2}
   (Okawaru gifted it to you on level 9 of the Dungeon)

   Slay+2:    It affects your accuracy & damage with ranged weapons and melee
   (+2).
   rC+:       It protects you from cold.
   Contam:    It causes magical contamination when unequipped.
   rCorr:     It protects you from acid and corrosion.
 Q - a +2 cloak of stealth (worn)
   (You found it in a Gauntlet)
 V - +1 swamp dragon scales (worn)
   (You found it on level 4 of the Swamp)
Jewellery
 f - an amulet of reflection (around neck)
   (You found it on level 11 of the Dungeon)
 j - a ring of ice
   (You found it on level 2 of the Dungeon)
 n - a +5 ring of evasion (left hand)
   (You found it on level 3 of the Dungeon)
 s - a +6 ring of intelligence
   (You found it on level 6 of the Dungeon)
 x - a ring of willpower (right hand)
   (You found it on level 5 of the Lair of Beasts)
 G - a ring of ice
   (You took it off Fannar on level 1 of the Lair of Beasts)
 Z - an amulet of faith {!P}
   (You found it on level 1 of the Swamp)
Wands
 q - a wand of flame (9)
   (You took it off Maurice on level 9 of the Dungeon)
 F - a wand of iceblast (3)
   (You found it on level 1 of the Swamp)
 J - a wand of digging (8)
   (You found it on level 3 of the Lair of Beasts)
 K - a wand of light (6)
   (You found it on level 3 of the Swamp)
 M - a wand of polymorph (8)
   (You found it on level 4 of the Swamp)
 W - a wand of paralysis (2)
   (You found it on level 13 of the Dungeon)
Scrolls
 b - 10 scrolls of identify {@r1}
 d - 5 scrolls of fog
 h - 5 scrolls of poison {!r}
 m - 7 scrolls of teleportation {@r4}
 o - 5 scrolls of fear
 r - 2 scrolls of noise {!r}
 t - 3 scrolls of vulnerability {!r!r}
 y - a scroll of silence {!r}
 H - 4 scrolls of enchant weapon
 U - a scroll of enchant armour
 Y - a scroll of blinking {!r}
Potions
 c - 2 potions of lignification {!q}
 e - 3 potions of curing {@q1}
 i - 2 potions of attraction {!q}
 k - a potion of mutation {!q}
 l - 3 potions of cancellation
 p - 2 potions of haste {@q3}
 v - 2 potions of enlightenment
 w - a potion of magic
 z - a potion of brilliance
 A - 5 potions of resistance
 C - 2 potions of berserk rage {!q}
 L - 2 potions of ambrosia
 T - 3 potions of heal wounds {@q2}
Miscellaneous
 P - a condenser vane
   (You found it in a Gauntlet)

Dungeon Overview and Level Annotations

Branches:
Dungeon (14/15) Zot: 1362  Temple (0/1) D:6            Lair (5/5) D:9 Zot: 162
  Swamp (4/4) Lair:3 Zot: 533  Spider (1/4) Lair:2 Zot: 499     Orc (2/2) D:12 Zot: 726
    Elf (0/3) Orc:2        Vaults (0/5) D:14        Gauntlet (visited)
  Slime: Lair:4-5

Altars:
Ashenzari
Cheibriados
Elyvilon
Gozag
Makhleb
Okawaru
Ru
Sif Muna
Vehumet
Wu Jian
Zin
The Shining One

Shops:
D:12 *[:   Orc:2 ?((:

Annotations:
D:14 Roxanne
Lair:2 exclusion: oklob plant

##.###
,.##...#ss##s[.#,,
##..# .#..s.#B.#
.ss^.* , ###~.^#####
##..s## ###..# , *
#≈≈#....###*#...##,
*.w#
#~~~##..#.####.s### ..
,
##.#~.....#.#...<.#,,
, ,
#..###...).####..#..
,**, *
≈≈~#,,*###....(B..w...
* ##≈.
,#...#s@Hs.#.##, ,* *
* *~# #############^
,, ,*, * , , , * , , ,
** , * , , ^ , *, , ,
,, *, , , * ,, * * **
** ,, , ** , * * , * ,
* ~ * ,


You could see a jorogumo, a steelbarb worm, a pharaoh ant, a jumping spider, a
tarantella and a friendly +6 great mace of the Valley of Death {spect, rC+ Will+
Dex-2, mace}.


Message History

😨 HP[+1]
You bludgeon the pharaoh ant!!
Your +6 great mace of the Valley of Death {spect, rC+ Will+ Dex-2, mace} barely misses the pharaoh ant.
The pharaoh ant barely misses you.
You completely miss the pharaoh ant.
Your +6 great mace of the Valley of Death {spect, rC+ Will+ Dex-2, mace} hits the pharaoh ant!!
You destroy the pharaoh ant!
Okawaru accepts your kill.
You now have 124 max hp (+2).
Your +6 great mace of the Valley of Death {spect, rC+ Will+ Dex-2, mace} disappears. 😨 HP[+3]
You regained 3 hp, and now have 57/124 hp. 😨 HP[+4]
You regained 4 hp, and now have 61/124 hp.
You see here a +0 dagger {short}. 😨 HP[+1]
A jumping spider comes into view.
The jumping spider's many legs skitter faintly.
The demonic crawler gives a hideous shriek!
You hear a faint skittering sound.
The jumping spider leaps! 😮 HP[+2]
You regained 2 hp, and now have 64/124 hp.
You see here 7 stones {throwing}.
You block the demonic crawler's attack.
The demonic crawler completely misses you.
You block the demonic crawler's attack.
You sock the demonic crawler!
Your +6 great mace of the Valley of Death {spect, rC+ Will+ Dex-2, mace} hits the demonic crawler!!
You block the demonic crawler's attack.
The demonic crawler hits you but does no damage.
You block the demonic crawler's attack. The jumping spider closely misses you.
The jumping spider completely misses you. 😮 HP[+1]
You sock the demonic crawler!
Your +6 great mace of the Valley of Death {spect, rC+ Will+ Dex-2, mace} hits the demonic crawler!
The jorogumo hits your +6 great mace of the Valley of Death {spect, rC+ Will+ Dex-2, mace} but does no damage.
The demonic crawler misses your +6 great mace of the Valley of Death {spect, rC+ Will+ Dex-2, mace}.
The demonic crawler hits your +6 great mace of the Valley of Death {spect, rC+ Will+ Dex-2, mace}.
Your spectral weapon shares its damage with you!
* * * LOW HITPOINT WARNING * * *
The demonic crawler hits your +6 great mace of the Valley of Death {spect, rC+ Will+ Dex-2, mace}!
Your spectral weapon shares its damage with you!
* * * LOW HITPOINT WARNING * * *
The jumping spider completely misses you.
The jumping spider closely misses you. 😨 HP[-11]
You take 11 damage, and now have 54/124 hp.
You are too injured to fight recklessly!
You are too injured to fight recklessly!
You are too injured to fight recklessly!
You catch the helpless demonic crawler completely off-guard!
You bludgeon the demonic crawler!!
You kill the demonic crawler!
Okawaru accepts your kill.
Your +6 great mace of the Valley of Death {spect, rC+ Will+ Dex-2, mace} disappears.
The jumping spider closely misses you. The jumping spider barely misses you.
The pharaoh ant misses you.
You now have 126 max hp (+2).
The tarantella's many legs skitter faintly.
You sock the jorogumo!
Your +6 great mace of the Valley of Death {spect, rC+ Will+ Dex-2, mace} hits the jorogumo but does no damage.
The jumping spider completely misses you.
The jumping spider closely misses you.
The jorogumo hits you but does no damage.
The pharaoh ant completely misses you. 😨 HP[+1]
You hit the jorogumo.
Your +6 great mace of the Valley of Death {spect, rC+ Will+ Dex-2, mace} closely misses the jorogumo.
The jumping spider misses you.
The jumping spider bites you but does no damage.
The jorogumo stares at you and mumbles some strange words.
The stream of webbing misses you.
The stream of webbing hits the jumping spider but does no damage.
The pharaoh ant bites you but does no damage.
The jumping spider pounces on you but does no damage.
The jumping spider bites you but does no damage.
You hit the jorogumo but do no damage.
Your +6 great mace of the Valley of Death {spect, rC+ Will+ Dex-2, mace} barely misses the jorogumo.
The jorogumo hits you but does no damage.
The jumping spider misses you. You block the jumping spider's attack.
The pharaoh ant misses you.
You bludgeon the jorogumo!!
Your +6 great mace of the Valley of Death {spect, rC+ Will+ Dex-2, mace} barely misses the jorogumo.
You hear a faint skittering sound.
The jorogumo hits you.
* * * LOW HITPOINT WARNING * * *
The jumping spider completely misses you.
The jumping spider misses you. The pharaoh ant bites you!!
* * * LOW HITPOINT WARNING * * *
😱 HP[-32]
You take 32 damage, and now have 23/126 hp.
MASSIVE DAMAGE!! (PAUSE)
You sock the jorogumo!
Your +6 great mace of the Valley of Death {spect, rC+ Will+ Dex-2, mace} barely misses the jorogumo.
The jumping spider completely misses you.
You block the jumping spider's attack. The pharaoh ant bites you!!
* * * LOW HITPOINT WARNING * * *
You feel drained.
You die...

Skill      XL: |  1  2  3  4  5  6  7  8  9 10 11 12 13 14 15 16 17 |
---------------+----------------------------------------------------+-----
Short Blades   | 1 2 4 5 6 8 9 10 | 10.0
Fighting       | 5 6 7 9 10 12 14 15 16 | 16.0
Invocations    | 5 |  5.0
Evocations     | 6 10 | 10.0
Dodging        | 2 6 8 10 13 14 15 | 15.0
Armour         | 5 |  5.0
Throwing       | 4 11 | 11.5
Long Blades    | 5 |  5.4
Shields        | 2 7 |  7.8
Maces & Flails | 10 17 | 17.5
Spellcasting   | |  1.3
Translocations | |  2.4

Action                     |  1- 3 |  4- 6 |  7- 9 | 10-12 | 13-15 | 16-18 || total
---------------------------+-------+-------+-------+-------+-------+-------++-------
  Melee: Dagger            |   124 |       |       |       |       |       ||   124
         Short sword       |    20 |   174 |   474 |  1352 |  1800 |   874 ||  4694
         Punch             |       |       |    11 |    32 |    33 |       ||    76
         Falchion          |       |       |       |       |    96 |       ||    96
         Great mace        |       |       |       |       |       |    68 ||    68
  Throw: Dart              |    11 |     1 |     4 |     2 |       |       ||    18
         Javelin           |       |       |       |       |       |     3 ||     3
 Invoke: Heroism           |       |       |     2 |     8 |    11 |    11 ||    32
         Finesse           |       |       |       |       |     2 |     3 ||     5
         Receive Weapon    |       |       |       |       |     1 |       ||     1
         Receive Armour    |       |       |       |       |     1 |       ||     1
Ability: Evoke Blink       |       |       |       |       |       |     1 ||     1
  Evoke: Wand              |       |       |    14 |    19 |    11 |     9 ||    53
         Condenser vane    |       |       |       |       |       |     2 ||     2
    Use: Potion            |     1 |       |     2 |     1 |     9 |     1 ||    14
         Scroll            |       |       |     6 |     8 |    11 |     9 ||    34
   Stab: Invisible         |       |       |     1 |     7 |     2 |       ||    10
         Distracted        |       |       |       |     1 |       |     1 ||     2
         Paralysed         |       |       |       |       |       |     2 ||     2
         Sleeping          |       |       |       |       |       |     1 ||     1
 Armour: Leather armour    |    63 |       |       |       |       |       ||    63
         Ring mail         |    44 |    58 |   204 |   323 |   347 |   139 ||  1115
         Swamp dragon scal |       |       |       |       |       |    78 ||    78
  Dodge: Dodged            |    85 |   103 |   252 |   879 |  1325 |   566 ||  3210
  Block: Buckler           |       |       |       |       |   154 |   365 ||   519
         Reflection        |       |       |       |       |     2 |    14 ||    16
         Other             |       |       |       |       |       |    20 ||    20

Levels and vault maps discovered:
D:1:      onia_arrival_handbag, layout_rooms
D:2:      layout_basic
D:3:      layout_basic, nicolae_tso_besieged_by_evil,
          dreamdust_ecumenical_altar_angels_and_demons
D:4:      layout_cave_pools, nemelex_diamond_rough_becter, minitemple,
          serial_demonic, serial_demonic_c, serial_demonic_c, serial_demonic_c,
          serial_demonic_e, serial_demonic_g, serial_demonic_e,
          serial_demonic_e, chequers_serial_rivers_small_a
D:5:      cheibrodos_fzero, layout_loops_ring
D:6:      minmay_opposing_rooms, layout_basic, minmay_temple_entry_butterflies,
          uniq_blork_the_orc, uniq_pikel, uniq_grinder
D:7:      layout_loops_cross, uniq_prince_ribbit1, uniq_joseph
D:8:      gammafunk_cloud_chamber, layout_basic, chequers_serial_rivers_small_3
D:9:      layout_basic, nicolae_elyvilon_temple_path, erik_lair_island,
          serial_bayou, serial_bayou_pond_e, serial_bayou_pond_b,
          serial_bayou_shore_b, serial_bayou_pond_b, minivault_28, uniq_maurice,
          uniq_psyche
D:10:     layout_stronghold, mainiacjoe_overflow_small_starburst, uniq_amaemon
D:11:     layout_roguey, hangedman_decor_points, uniq_grum
D:12:     layout_irregular_city, orc_0_dummy, nicolae_shop_distant_corner_stores
D:13:     layout_stronghold, uniq_frances
D:14:     layout_cave_pools, lightli_vaults_fourway_checkpoint,
          serial_park_tiny_2, uniq_roxanne
Lair:1:   layout_cave_shapes, infiniplex_staircase_pool_2, uniq_fannar,
          uniq_gastronok
Lair:2:   layout_chaotic_city, spider_nest_entry_webs, minmay_holes,
          lemuel_oklob_altar
Lair:3:   layout_loops_ring, swamp_mist, serial_bayou_shore_a,
          serial_bayou_shore_b, uniq_nergalle
Lair:4:   layout_regular_city, slime_entry_1
Lair:5:   minmay_lair_end_enchanted_forest, layout_regular_city,
          grunt_megastairs_2
Swamp:1:  layout_falls_marsh, nicolae_swamp_feature_on_the_river_bank
Swamp:2:  layout_falls_marsh, hangedman_swamp_ruin_wall
Swamp:3:  layout_basic_swamp, evilmike_swamp_ruin_house_4, swamp_pool3,
          nicolae_swamp_little_tower, infiniplex_staircase_pool
Swamp:4:  swamp, layout_basic_swamp, uniq_nikola, uniq_louise
Spider:1: layout_spider_delve
Orc:1:    layout_caves, basic_altar, special_room [special_room_bee],
          minmay_orc_barracks, uniq_josephine
Orc:2:    st_orc_open, layout_caves, gauntlet_entry_generic,
          nicolae_orc_lava_room

Notes
Turn   | Place    | Note
-------+----------+-------------------------------------------
     0 | D:1      | MackTheKnife the Meteoran Wanderer began the quest for the
                  | Orb.
     0 | D:1      | MackTheKnife set off with the following items: a +0 dagger
                  | {short}, 10 poisoned darts {throwing}, a potion of mutation
                  | {!q}, a scroll of fog, a +0 leather armour; and the
                  | following spell memorised: Apportation; and the following
                  | spells available to memorise: Gell's Gravitas, Passage of
                  | Golubria.
     0 | D:1      | Reached XP level 1. HP: 22/22 MP: 3/3
     0 | D:1      | magus.rc [v1.9.6]
     0 | D:1      | Gained mutation: You occasionally lose the ability to drink
                  | potions when taking damage. [potion of mutation]
     0 | D:1      | Gained mutation: Your flesh is heat resistant. (rF+)
                  | [potion of mutation]
   115 | D:1      | Reached XP level 2. HP: 23/28 MP: 5/5
   135 | D:1      | Reached skill level 1 in Short Blades
   349 | D:1      | Reached XP level 3. HP: 35/35 MP: 6/6
   493 | D:2      | Reached skill level 5 in Fighting
   493 | D:2      | Reached skill level 2 in Short Blades
   704 | D:2      | Identified the +0 short sword of Sunlight {freeze, Str+4
                  | Int+2 Dex+2}
   747 | D:2      | Reached XP level 4. HP: 25/42 MP: 7/7
   776 | D:3      | Identified the +1 helmet of the Orcish Mines {rF+ Dex+2}
   841 | D:3      | Found a faded altar of an unknown god.
   938 | D:3      | Reached skill level 3 in Short Blades
  1169 | D:3      | Found a glowing golden altar of the Shining One.
  1176 | D:3      | Reached skill level 4 in Short Blades
  1176 | D:3      | Reached XP level 5. HP: 48/48 MP: 8/8
  1311 | D:4      | Noticed an ogre
  1346 | D:3      | Reached skill level 5 in Short Blades
  1346 | D:3      | Reached XP level 6. HP: 26/56 MP: 9/9
  1396 | D:4      | Killed an ogre
  1397 | D:4      | Reached skill level 6 in Short Blades
  1512 | D:4      | Reached XP level 7. HP: 61/61 MP: 10/10
  1697 | D:4      | Reached skill level 7 in Short Blades
  1772 | D:4      | Found an opulent altar of Gozag.
  1775 | D:4      | Found a burning altar of Makhleb.
  1778 | D:4      | Found an ornate altar of the Wu Jian Council.
  1780 | D:4      | Found a radiant altar of Vehumet.
  1780 | D:4      | Found an iron altar of Okawaru.
  1780 | D:4      | Found a snail-covered altar of Cheibriados.
  1783 | D:4      | Found a shimmering blue altar of Sif Muna.
  1784 | D:4      | Found a glowing silver altar of Zin.
  1791 | D:4      | Became a worshipper of Warmaster Okawaru
  1814 | D:5      | Entered Level 5 of the Dungeon
  1850 | D:5      | Noticed a water moccasin
  1864 | D:5      | Killed a water moccasin
  1868 | D:5      | Reached skill level 8 in Short Blades
  1868 | D:5      | Reached XP level 8. HP: 50/68 MP: 11/11
  2018 | D:5      | Noticed a two-headed ogre
  2040 | D:5      | Reached * piety under Okawaru
  2041 | D:5      | Reached skill level 9 in Short Blades
  2161 | D:5      | Noticed a shadow
  2186 | D:6      | Reached skill level 6 in Fighting
  2240 | D:6      | Gained mutation: You passively map the area around you.
                  | [Meteoran growth]
  2240 | D:6      | Reached XP level 9. HP: 74/75 MP: 12/12
  2264 | D:6      | Reached ** piety under Okawaru
  2279 | D:6      | Reached skill level 10 in Short Blades
  2396 | D:6      | Noticed a gargoyle
  2416 | D:6      | HP: 19/78 [gargoyle/stone arrow (14)]
  2429 | D:6      | Reached skill level 7 in Fighting
  2546 | D:6      | Found a staircase to the Ecumenical Temple.
  2606 | D:6      | Noticed Grinder
  2610 | D:6      | Noticed Blork the orc
  2612 | D:6      | Killed Grinder
  2613 | D:6      | Reached skill level 3 in Invocations
  2613 | D:6      | Reached skill level 3 in Evocations
  2644 | D:6      | Reached skill level 4 in Invocations
  2655 | D:6      | Killed Blork the orc
  2656 | D:6      | Reached skill level 4 in Evocations
  2703 | D:6      | Noticed Pikel
  2731 | D:6      | Reached skill level 5 in Invocations
  2761 | D:6      | Killed Pikel
  2761 | D:6      | Reached *** piety under Okawaru
  2762 | D:6      | Reached skill level 6 in Evocations
  2762 | D:6      | Reached skill level 2 in Dodging
  2762 | D:6      | Reached XP level 10. HP: 59/88 MP: 14/14
  2820 | D:5      | You pick up a book of Callings and begin reading...
  2901 | D:5      | Reached skill level 8 in Fighting
  2919 | D:5      | Reached skill level 3 in Dodging
  2949 | D:5      | Killed a two-headed ogre
  2950 | D:5      | Reached skill level 4 in Dodging
  2965 | D:5      | Reached skill level 9 in Fighting
  2965 | D:5      | Reached skill level 5 in Dodging
  3133 | D:7      | Reached **** piety under Okawaru
  3307 | D:7      | Reached skill level 6 in Dodging
  3328 | D:7      | Noticed Joseph
  3348 | D:7      | Killed Joseph
  3353 | D:7      | You pick up a book of Callings and begin reading...
  3403 | D:7      | Reached XP level 11. HP: 99/99 MP: 15/15
  3461 | D:7      | Noticed Prince Ribbit
  3472 | D:7      | Killed Prince Ribbit
  3473 | D:7      | Reached skill level 10 in Fighting
  3617 | D:8      | Reached skill level 7 in Dodging
  3687 | D:8      | Reached skill level 8 in Dodging
  3723 | D:8      | Reached skill level 1 in Armour
  3841 | D:8      | You fall into a shaft and drop 2 floors!
  3841 | D:10     | Entered Level 10 of the Dungeon
  3872 | D:10     | Reached skill level 2 in Armour
  3918 | D:9      | Reached ***** piety under Okawaru
  3935 | D:9      | Noticed a manticore
  3935 | D:9      | Noticed a harpy
  3935 | D:9      | Noticed a centaur warrior
  3935 | D:9      | Noticed a boulder beetle
  3935 | D:9      | Noticed a wizard
  3935 | D:9      | Noticed a centaur warrior
  3936 | D:9      | Noticed a two-headed ogre
  3986 | D:9      | Reached skill level 3 in Armour
  3986 | D:9      | Reached skill level 7 in Evocations
  4018 | D:9      | Noticed a purple ugly thing
  4158 | D:8      | Found a transporter.
  4226 | D:8      | Found a transporter.
  4248 | D:8      | Reached skill level 4 in Armour
  4265 | D:8      | Reached skill level 8 in Evocations
  4278 | D:8      | Identified the +0 cloak of Eplear {+Blink}
  4388 | D:9      | Noticed a deep troll
  4399 | D:9      | Noticed an orb spider
  4508 | D:9      | Reached skill level 5 in Armour
  4537 | D:9      | Found a staircase to the Lair.
  4684 | D:9      | Reached skill level 9 in Evocations
  4737 | D:9      | Killed a two-headed ogre
  4737 | D:9      | Received a gift from Okawaru
  4738 | D:9      | Reached skill level 10 in Evocations
  4738 | D:9      | Reached XP level 12. HP: 88/106 MP: 16/16
  4816 | D:9      | Noticed Maurice
  4840 | D:9      | Killed Maurice
  4850 | Lair:1   | Entered Level 1 of the Lair of Beasts
  5114 | Lair:1   | Reached skill level 9 in Dodging
  5115 | Lair:1   | HP: 27/108 [poisoned by a cane toad]
  5128 | Lair:1   | Noticed Gastronok
  5152 | Lair:1   | Reached skill level 11 in Fighting
  5162 | Lair:1   | Killed Gastronok
  5213 | Lair:1   | Reached skill level 10 in Dodging
  5312 | Lair:1   | Noticed Fannar
  5335 | Lair:1   | Killed Fannar
  5335 | Lair:1   | Received a gift from Okawaru
  5439 | Lair:2   | Reached skill level 12 in Fighting
  5612 | Lair:2   | Reached XP level 13. HP: 86/118 MP: 17/17
  5744 | Lair:2   | Noticed a death yak
  5764 | Lair:2   | Killed a death yak
  5765 | Lair:2   | Reached skill level 11 in Dodging
  5804 | Lair:2   | Noticed a death yak
  5804 | Lair:2   | Noticed a death yak
  5811 | Lair:2   | Noticed a death yak
  5815 | Lair:2   | Noticed a death yak
  5818 | Lair:2   | Noticed a death yak
  5823 | Lair:2   | Killed a death yak
  5825 | Lair:2   | Killed a death yak
  5830 | Lair:2   | HP: 28/119 [death yak (21)]
  5833 | Lair:2   | Killed a death yak
  5838 | Lair:2   | HP: 16/119 [death yak (14)]
  5841 | Lair:2   | Killed a death yak
  5842 | Lair:2   | Reached skill level 13 in Fighting
  5863 | Lair:2   | HP: 17/122 [death yak (22)]
  5866 | Lair:2   | Found a hole to the Spider Nest.
  5868 | Lair:2   | HP: 7/122 [poisoned by a redback]
  5868 | Lair:2   | Killed a death yak
  5873 | Lair:2   | HP: 14/122 [poisoned by a redback]
  5914 | Lair:2   | Found a sacrificial altar of Ru.
  5919 | Lair:2   | Lost mutation: You occasionally lose the ability to drink
                  | potions when taking damage. [potion of mutation]
  5919 | Lair:2   | Lost mutation: Your flesh is heat resistant. (rF+) [potion
                  | of mutation]
  5919 | Lair:2   | Gained mutation: Armour fits poorly on your strangely
                  | shaped body. [potion of mutation]
  5920 | Lair:2   | Lost mutation: Armour fits poorly on your strangely shaped
                  | body. [potion of mutation]
  5920 | Lair:2   | Gained mutation: Your spells are a little harder to cast,
                  | but a little more powerful. [potion of mutation]
  5920 | Lair:2   | Gained mutation: You expend magic power (3 MP) to
                  | strengthen your wands. [potion of mutation]
  5920 | Lair:2   | Gained mutation: You are dopey. (Int -2) [potion of
                  | mutation]
  5987 | Lair:2   | You pick up a book of Scorching and begin reading...
  5987 | Lair:2   | You add the spells Scorch and Flame Wave to your library.
  6017 | Lair:2   | Reached skill level 12 in Dodging
  6184 | Lair:3   | Received a gift from Okawaru
  6425 | Lair:3   | HP: 27/123 [cane toad (7)]
  6430 | Lair:3   | HP: 17/123 [poisoned by a cane toad]
  6620 | Lair:4   | Reached skill level 14 in Fighting
  6791 | Lair:4   | Noticed a death yak
  6842 | Lair:4   | Killed a death yak
  6843 | Lair:4   | Reached skill level 13 in Dodging
  6854 | Lair:4   | Received a gift from Okawaru
  6862 | Lair:4   | Noticed a death yak
  6863 | Lair:4   | Noticed a death yak
  6885 | Lair:4   | Killed a death yak
  6886 | Lair:4   | Reached skill level 2 in Throwing
  6895 | Lair:4   | Killed a death yak
  6896 | Lair:4   | Reached skill level 3 in Throwing
  7044 | Lair:4   | Reached skill level 4 in Throwing
  7044 | Lair:4   | Reached XP level 14. HP: 105/132 MP: 18/18
  7054 | Lair:5   | Entered Level 5 of the Lair of Beasts
  7161 | Lair:5   | Reached skill level 5 in Throwing
  7245 | Lair:5   | Reached skill level 6 in Throwing
  7464 | Lair:5   | Reached skill level 7 in Throwing
  7561 | Lair:5   | Received a gift from Okawaru
  7562 | Lair:5   | Reached skill level 9 in Throwing
  7568 | Lair:5   | Reached skill level 10 in Throwing
  7679 | Lair:5   | Paralysed by a hornet for 2 turns
  7814 | Lair:5   | Reached skill level 11 in Throwing
  7961 | Lair:5   | Reached skill level 1 in Long Blades
  8024 | Lair:5   | Received a gift from Okawaru
  8025 | Lair:5   | Reached skill level 2 in Long Blades
  8069 | Lair:5   | Reached skill level 3 in Long Blades
  8090 | Lair:5   | Reached skill level 4 in Long Blades
  8118 | Lair:5   | 13 gold pieces; a +0 quick blade {shortrare=g}; 13 gold
                  | pieces
  8118 | Lair:5   | M - a +0 quick blade {shortrare=g}
  8130 | Lair:5   | Reached skill level 1 in Shields
  8142 | Lair:5   | Identified a scroll of acquirement
  8143 | Lair:5   | Acquired a +0 double sword of distortion
  8144 | Lair:5   | D - a +0 double sword of distortion {!wlongrare=g}
  8197 | Lair:5   | Reached skill level 2 in Shields
  8226 | Lair:5   | Reached skill level 5 in Long Blades
  8465 | D:9      | Reached ****** piety under Okawaru
  8466 | D:9      | Reached XP level 15. HP: 128/138 MP: 19/19
  8466 | D:9      | Acquired the +11 short sword of Okawaru, Keeping {elec,
                  | Int+4 SInv Stlth+}
  8466 | D:9      | Received a gift from Okawaru
  8469 | D:9      | Acquired the +1 pair of boots "Yverchami" {Contam rC+ rCorr
                  | Slay+2}
  8469 | D:9      | Received a gift from Okawaru
  8486 | D:9      | You drop a +0 quick blade {shortrare=g}.
  8487 | D:9      | M - a +0 quick blade {shortrare=g}
  8555 | D:9      | Received a gift from Okawaru
  8556 | D:9      | Reached skill level 3 in Shields
  8574 | D:9      | Found a white marble altar of Elyvilon.
  8633 | D:9      | Reached skill level 4 in Shields
  8772 | D:10     | Found a broken altar of Ashenzari.
  9103 | D:10     | Reached skill level 5 in Shields
  9225 | D:10     | Noticed Amaemon
  9247 | D:10     | Killed Amaemon
  9403 | D:11     | Reached skill level 6 in Shields
  9637 | D:11     | Noticed Grum
  9647 | D:11     | Killed Grum
  9649 | D:11     | Reached skill level 7 in Shields
  9769 | D:12     | Found Vapellav's General Store.
  9771 | D:12     | Found Yciroxak's Antique Armour Shop.
  9775 | D:12     | Found Oleserr's Book Shop.
  9866 | D:12     | Bought 3 scrolls of teleportation for 108 gold pieces
 10075 | D:12     | Found a staircase to the Orcish Mines.
 10097 | Orc:1    | Entered Level 1 of the Orcish Mines
 10193 | Orc:2    | Entered Level 2 of the Orcish Mines
 10210 | Orc:2    | Received a gift from Okawaru
 10409 | Orc:2    | Reached skill level 15 in Fighting
 10427 | Orc:2    | Received a gift from Okawaru
 10428 | Orc:2    | Reached skill level 14 in Dodging
 10442 | Orc:2    | Found Rarokk's Weapon Emporium.
 10444 | Orc:2    | Found Hegupak's Book Shoppe.
 10448 | Orc:2    | Found Maupnyit's Magic Scroll Shop.
 10465 | Orc:2    | Found Onin's Weapon Emporium.
 10547 | Orc:2    | Reached XP level 16. HP: 133/149 MP: 13/20
 10666 | Orc:2    | Found a gate leading to a gauntlet.
 10676 | Gauntlet | Entered a Gauntlet
 10676 | Gauntlet | Found a transporter.
 10679 | Gauntlet | Found a transporter.
 10698 | Gauntlet | Found a transporter.
 10699 | Gauntlet | K - a +1 triple sword of holy wrath {longrare=g}
 10707 | Gauntlet | Found a transporter.
 10715 | Gauntlet | Found a transporter.
 10715 | Gauntlet | Found a transporter.
 10717 | Gauntlet | Found a transporter.
 10717 | Gauntlet | Found a runed translucent door.
 10717 | Gauntlet | Found a runed translucent door.
 10729 | Gauntlet | Found a transporter.
 10822 | Gauntlet | You pick up a book of Air and begin reading...
 10822 | Gauntlet | You add the spells Shock, Swiftness and Airstrike to your
                  | library.
 10822 | Gauntlet | You pick up a book of the Hunter and begin reading...
 10822 | Gauntlet | You add the spells Sigil of Binding, Dimensional Bullseye
                  | and Leda's Liquefaction to your library.
 10833 | Orc:2    | Found a staircase to the Elven Halls.
 10906 | Orc:2    | Bought the +6 great mace of the Valley of Death {spect, rC+
                  | Will+ Dex-2} for 800 gold pieces
 10969 | D:12     | Received a gift from Okawaru
 11291 | D:13     | Reached skill level 16 in Fighting
 11357 | D:13     | Reached skill level 15 in Dodging
 11486 | D:13     | Reached skill level 1 in Maces & Flails
 11496 | D:13     | Reached skill level 2 in Maces & Flails
 11512 | D:13     | Reached skill level 3 in Maces & Flails
 11529 | D:13     | magus.rc [v1.9.6]
 11542 | D:13     | Noticed Frances
 11560 | D:13     | Killed Frances
 11561 | D:13     | Reached skill level 4 in Maces & Flails
 11635 | D:14     | Noticed Roxanne
 11679 | D:13     | Reached skill level 5 in Maces & Flails
 11891 | D:14     | Reached skill level 6 in Maces & Flails
 12036 | D:14     | Reached skill level 7 in Maces & Flails
 12077 | D:14     | Found a gate to the Vaults.
 12100 | D:14     | Received a gift from Okawaru
 12106 | D:14     | Reached skill level 8 in Maces & Flails
 12149 | D:14     | Reached skill level 9 in Maces & Flails
 12422 | D:9      | Reached skill level 10 in Maces & Flails
 12600 | Lair:3   | Noticed Nergalle
 12613 | Lair:3   | Killed Nergalle
 12664 | Lair:3   | Glimpsed the power of Zot.
 12714 | Lair:3   | Glimpsed the power of Zot.
 12722 | Lair:3   | Found a staircase to the Swamp.
 12735 | Lair:3   | Reached XP level 17. HP: 158/158 MP: 21/21
 12737 | Swamp:1  | Entered Level 1 of the Swamp
 12741 | Swamp:1  | Reached skill level 11 in Maces & Flails
 12795 | Swamp:1  | Identified the +4 orcbow "Itiq Qia" {speed, rCorr Str+3}
 12964 | Swamp:2  | Noticed a fenstrider witch
 13148 | Swamp:1  | You pick up a book of Party Tricks and begin reading...
 13148 | Swamp:1  | You add the spells Jinxbite and Alistair's Intoxication to
                  | your library.
 13200 | Swamp:2  | Reached skill level 12 in Maces & Flails
 13202 | Swamp:2  | Killed a fenstrider witch
 13230 | Swamp:2  | HP: 5/158 [spore (38)]
 13349 | Swamp:2  | Received a gift from Okawaru
 13371 | Swamp:3  | Reached skill level 13 in Maces & Flails
 13372 | Swamp:3  | You drop a +1 triple sword of holy wrath {longrare=g}.
 13444 | Swamp:4  | Entered Level 4 of the Swamp
 13527 | Swamp:4  | Noticed a fenstrider witch
 13541 | Swamp:4  | Killed a fenstrider witch
 13544 | Swamp:4  | You drop a +0 quick blade {shortrare=g}.
 13545 | Swamp:4  | M - a +0 quick blade {shortrare=g}
 13548 | Swamp:4  | You drop a +0 quick blade {shortrare=g}.
 13581 | Swamp:4  | Reached skill level 14 in Maces & Flails
 13600 | Swamp:4  | Noticed Louise
 13627 | Swamp:4  | Killed Louise
 13804 | Swamp:4  | Reached skill level 15 in Maces & Flails
 13805 | Swamp:4  | Received a gift from Okawaru
 13806 | Swamp:4  | Reached skill level 16 in Maces & Flails
 13831 | Swamp:4  | Got a decaying rune of Zot
 13901 | Swamp:3  | You drop a +0 double sword of distortion {!wlongrare=g}.
 13911 | Swamp:3  | D - a +0 double sword of distortion {!wlongrare=g}
 13912 | Swamp:3  | You drop a +0 double sword of distortion {!wlongrare=g}.
 13962 | Swamp:3  | Reached skill level 17 in Maces & Flails
 14001 | Swamp:2  | Gained mutation: You passively map a large area around you.
                  | [Meteoran growth]
 14001 | Swamp:2  | Reached XP level 18. HP: 159/166 MP: 22/22
 14573 | Lair:3   | Glimpsed the power of Zot.
 14583 | Lair:3   | Touched by the power of Zot (MHP 166 -> 136)
 14621 | Spider:1 | Entered Level 1 of the Spider Nest
 14654 | Spider:1 | HP: 20/121 [pharaoh ant (15)]
 14669 | Spider:1 | HP: 28/121 [tarantella (4)]
 14677 | Spider:1 | HP: 30/121 [tarantella (1)]
 14684 | Spider:1 | HP: 18/121 [tarantella (9)]
 14728 | Spider:1 | HP: 23/126 [pharaoh ant (29)]
 14729 | Spider:1 | HP: 1/126 [pharaoh ant (22)]
 14729 | Spider:1 | Slain by a pharaoh ant

Vanquished Creatures
  Gastronok (Lair:1)
  Frances (D:13)
  2 fenstrider witches
  Louise (Swamp:4)
  An eleionoma (Swamp:3)
  A minotaur (Gauntlet)
  A bunyip (Swamp:3)
  A shambling mangrove (Swamp:4)
  21 hydras
  Fannar (Lair:1)
  4 vault guards (D:14)
  A spriggan air mage (Swamp:3)
  3 ogre magi (Orc:2)
  4 boulder beetles
  3 alligators
  4 centaur warriors
  9 death yaks
  17 two-headed ogres
  2 demonic crawlers (Spider:1)
  Nergalle (Lair:3)
  An orc high priest (Orc:2)
  Amaemon (D:10)
  4 skeletal warriors (D:13)
  A pharaoh ant (Spider:1)
  2 skysharks
  A spriggan druid (Swamp:4)
  2 deep trolls (Orc:2)
  3 goliath frogs
  11 swamp dragons
  3 bog bodies
  Pikel (D:6)
  A wizard (D:9)
  A deep elf pyromancer (D:12)
  3 ugly things
  3 orc sorcerers (Orc:2)
  A salamander (shapeshifter) (D:14)
  A manticore (D:9)
  4 will-o-the-wisps
  8 cyclopes
  Maurice (D:9)
  4 elephants (Lair:5)
  Joseph (D:7)
  2 gargoyles
  7 black mambas
  12 cane toads
  An orange demon (D:10)
  A komodo dragon (shapeshifter) (D:9)
  A yaktaur (D:13)
  2 kobold demonologists (D:13)
  8 komodo dragons
  3 rime drakes
  3 polar bears
  A queen bee (Gauntlet)
  A hornet (shapeshifter) (D:14)
  3 meliai (D:14)
  Prince Ribbit (D:7)
  A bloated husk (Swamp:1)
  13 trolls
  10 hornets
  Grinder (D:6)
  5 tarantellas (Spider:1)
  6 dream sheep (Lair:5)
  4 tyrant leeches
  13 blink frogs
  A dream sheep (shapeshifter) (D:9)
  A culicivora (Spider:1)
  11 slime creatures
  A jumping spider (Spider:1)
  16 spriggans
  6 shadows
  36 yaks
  A wraith (D:14)
  5 fire bats (D:8)
  2 redbacks
  A wyvern (D:9)
  An unseen horror simulacrum (D:9)
  2 steam dragons
  A fire elemental (D:8)
  5 basilisks
  Grum (D:11)
  8 vampire mosquitoes
  17 water moccasins
  7 swamp worms
  3 acid dragons
  7 orc warriors
  A sky beast (shapeshifter) (D:14)
  6 swamp drakes (Swamp:4)
  4 ice beasts
  4 black bears
  5 boggarts
  8 centaurs
  26 ogres
  25 wolves
  A lemure (D:6)
  2 phantoms (D:5)
  Blork the orc (D:6)
  5 bullfrogs
  A gnoll sergeant (D:6)
  3 scorpions
  6 wights
  A hornet simulacrum (D:10)
  7 killer bees
  4 electric eels (D:9)
  4 howler monkeys
  A crimson imp (D:3)
  2 quasits (D:4)
  8 hounds
  2 jellies (D:5)
  A gnoll bouda (D:8)
  12 orc priests
  3 sleepcaps
  4 iguanas
  18 orc wizards
  9 gnolls
  6 adders
  3 shadow imps
  3 white imps
  2 ufetubi (D:4)
  A worm (D:3)
  A dart slug (D:4)
  48 orcs
  7 bats
  8 endoplasms
  A giant cockroach (D:2)
  5 goblins
  5 hobgoblins
  2 jackals (D:2)
  10 kobolds
  3 quokkas
  6 ball pythons
  5 frilled lizards
  A goblin skeleton (D:3)
  3 hobgoblin zombies (D:3)
  2 kobold skeletons (D:3)
  4 kobold zombies (D:3)
  An orc zombie (D:3)
  5 rats
675 creatures vanquished.

Vanquished Creatures (others)
  2 tyrant leeches (Swamp:2)
  4 bloated husks
  A swamp drake (Swamp:2)
  An orc (Orc:2)
  14 foxfires
22 creatures vanquished.

Grand Total: 697 creatures vanquished

Table legend:
 A = Non-vault XP
 B = Vault XP
 C = Vault XP percentage of total XP
 D = Non-vault monster count
 E = Vault monster count
 F = Vault count percentage of total count
                 A         B        C        D         E       F
            +---------+---------+-------+---------+---------+-------
      Total |  109881 |   67665 |  38.1 |     466 |     212 |  31.3
            +---------+---------+-------+---------+---------+-------
        D:1 |      20 |       4 |  16.7 |      12 |       4 |  25.0
        D:2 |      48 |       0 |   0.0 |      16 |       0 |   0.0
        D:3 |     164 |      59 |  26.5 |      16 |      12 |  42.9
        D:4 |     230 |     140 |  37.8 |      19 |       7 |  26.9
        D:5 |     712 |    1736 |  70.9 |      14 |      14 |  50.0
        D:6 |     613 |    1479 |  70.7 |      16 |       6 |  27.3
        D:7 |     863 |     746 |  46.4 |      23 |       2 |   8.0
        D:8 |    1339 |    1451 |  52.0 |      26 |       7 |  21.2
        D:9 |    1257 |    7936 |  86.3 |      18 |      24 |  57.1
       D:10 |    2786 |    1158 |  29.4 |      18 |       2 |  10.0
       D:11 |    2591 |     416 |  13.8 |       9 |       3 |  25.0
       D:12 |    3806 |       0 |   0.0 |      16 |       0 |   0.0
       D:13 |    8563 |    1522 |  15.1 |      26 |       1 |   3.7
       D:14 |    6079 |    5751 |  48.6 |      14 |      12 |  46.2
     Lair:1 |    4222 |    2393 |  36.2 |      18 |       2 |  10.0
     Lair:2 |    9256 |     199 |   2.1 |      31 |       1 |   3.1
     Lair:3 |    5610 |     783 |  12.2 |      21 |       1 |   4.5
     Lair:4 |    5611 |     122 |   2.1 |      14 |       1 |   6.7
     Lair:5 |   12506 |    9512 |  43.2 |      33 |      45 |  57.7
    Swamp:1 |    6029 |       0 |   0.0 |      13 |       0 |   0.0
    Swamp:2 |    6123 |       0 |   0.0 |      15 |       0 |   0.0
    Swamp:3 |    6301 |       0 |   0.0 |      13 |       0 |   0.0
    Swamp:4 |   10777 |   15498 |  59.0 |      19 |      24 |  55.8
   Spider:1 |    4205 |       0 |   0.0 |      11 |       0 |   0.0
      Orc:1 |    1050 |       0 |   0.0 |       4 |       0 |   0.0
      Orc:2 |    9120 |   14851 |  62.0 |      31 |      37 |  54.4
   Gauntlet |       0 |    1909 | 100.0 |       0 |       7 | 100.0
            +---------+---------+-------+---------+---------+-------

Skill      XL: |  1  2  3  4  5  6  7  8  9 10 11 12 13 14 15 16 17 |
---------------+----------------------------------------------------+-----
Short Blades   | 1 2 4 5 6 8 9 10 | 10.0
Fighting       | 5 6 7 9 10 12 14 15 16 | 16.0
Invocations    | 5 |  5.0
Evocations     | 6 10 | 10.0
Dodging        | 2 6 8 10 13 14 15 | 15.0
Armour         | 5 |  5.0
Throwing       | 4 11 | 11.5
Long Blades    | 5 |  5.4
Shields        | 2 7 |  7.8
Maces & Flails | 10 17 | 17.5
Spellcasting   | |  1.3
Translocations | |  2.4

Action                     |  1- 3 |  4- 6 |  7- 9 | 10-12 | 13-15 | 16-18 || total
---------------------------+-------+-------+-------+-------+-------+-------++-------
  Melee: Dagger            |   124 |       |       |       |       |       ||   124
         Short sword       |    20 |   174 |   474 |  1352 |  1800 |   874 ||  4694
         Punch             |       |       |    11 |    32 |    33 |       ||    76
         Falchion          |       |       |       |       |    96 |       ||    96
         Great mace        |       |       |       |       |       |    68 ||    68
  Throw: Dart              |    11 |     1 |     4 |     2 |       |       ||    18
         Javelin           |       |       |       |       |       |     3 ||     3
 Invoke: Heroism           |       |       |     2 |     8 |    11 |    11 ||    32
         Finesse           |       |       |       |       |     2 |     3 ||     5
         Receive Weapon    |       |       |       |       |     1 |       ||     1
         Receive Armour    |       |       |       |       |     1 |       ||     1
Ability: Evoke Blink       |       |       |       |       |       |     1 ||     1
  Evoke: Wand              |       |       |    14 |    19 |    11 |     9 ||    53
         Condenser vane    |       |       |       |       |       |     2 ||     2
    Use: Potion            |     1 |       |     2 |     1 |     9 |     1 ||    14
         Scroll            |       |       |     6 |     8 |    11 |     9 ||    34
   Stab: Invisible         |       |       |     1 |     7 |     2 |       ||    10
         Distracted        |       |       |       |     1 |       |     1 ||     2
         Paralysed         |       |       |       |       |       |     2 ||     2
         Sleeping          |       |       |       |       |       |     1 ||     1
 Armour: Leather armour    |    63 |       |       |       |       |       ||    63
         Ring mail         |    44 |    58 |   204 |   323 |   347 |   139 ||  1115
         Swamp dragon scal |       |       |       |       |       |    78 ||    78
  Dodge: Dodged            |    85 |   103 |   252 |   879 |  1325 |   566 ||  3210
  Block: Buckler           |       |       |       |       |   154 |   365 ||   519
         Reflection        |       |       |       |       |     2 |    14 ||    16
         Other             |       |       |       |       |       |    20 ||    20

Illustrated notes

Table legend:
 A = Kills in this place as a percentage of kills in the entire game.
 B = Kills by you in this place as a percentage of kills by you in the entire game.
 C = Kills by friends in this place as a percentage of kills by friends in the entire game.
 D = Other kills in this place as a percentage of other kills in the entire game.
 E = Experience gained in this place as a percentage of experience gained in the entire game.
 F = Experience gained in this place divided by the number of levels of this place that you have seen.
                   A       B       C       D       E      F
               +-------+-------+-------+-------+-------+----------------------
         Total | 100.0 | 100.0 |   N/A | 100.0 | 100.0 | 6575.8
       Dungeon |  49.7 |  50.0 |   N/A |   0.0 |  29.0 | 3676.4
          Lair |  24.6 |  24.8 |   N/A |   0.0 |  28.3 | 10042.8
         Swamp |  12.4 |  11.9 |   N/A | 100.0 |  25.2 | 11182.0
   Spider Nest |   1.6 |   1.6 |   N/A |   0.0 |   2.4 | 4205.0
  Orcish Mines |  10.6 |  10.7 |   N/A |   0.0 |  14.1 | 12510.5
      Gauntlet |   1.0 |   1.0 |   N/A |   0.0 |   1.1 | 1909.0
               +-------+-------+-------+-------+-------+----------------------

Table legend: (Time is in decaauts)
 A = Elapsed time spent in this place.
 B = Non-inter-level travel time spent in this place.
 C = Inter-level travel time spent in this place.
 D = Time resting spent in this place.
 E = Time spent auto-exploring this place.
 F = Levels seen in this place.
 G = Mean time per level.
                   A        B        C        D        E       F      G
               +--------+--------+--------+--------+--------+-----+--------+
         Total |  12648 |  11417 |   1231 |      8 |   3828 |  27 |  468.4 |
       Dungeon |   7037 |   6293 |    744 |      0 |   2776 |  14 |  502.6 |
          Lair |   3038 |   2769 |    269 |      0 |    230 |   5 |  607.6 |
         Swamp |   1866 |   1715 |    151 |      0 |    771 |   4 |  466.5 |
   Spider Nest |     99 |     99 |      0 |      0 |      0 |   1 |   99.0 |
  Orcish Mines |    473 |    408 |     65 |      0 |     50 |   2 |  236.5 |
      Gauntlet |    133 |    133 |      0 |      8 |      0 |   1 |  133.0 |
               +--------+--------+--------+--------+--------+-----+--------+

Top non-repeatable levels by time:
  Lair:5: 880 daAuts
 Swamp:1: 776 daAuts
     D:9: 748 daAuts
  Lair:2: 687 daAuts
    D:13: 674 daAuts
    D:10: 660 daAuts
     D:3: 592 daAuts
  Lair:3: 574 daAuts
     D:8: 572 daAuts
     D:6: 540 daAuts
    D:11: 540 daAuts
 Swamp:2: 498 daAuts
    D:12: 489 daAuts
  Lair:1: 484 daAuts
     D:5: 451 daAuts
